 Dungeon Crawl Stone Soup version 0.26-a0-1080-g4c0aae810e (webtiles) character file.

Game seed: 12839898180817633669

31 polelong the Chiller (level 3, -14/19 HPs)
             Began as a Gargoyle Ice Elementalist on Dec 15, 2020.
             Demolished by an ogre
             ... wielding a +0 giant club
              (25 damage)
             ... on level 3 of the Dungeon.
             The game lasted 00:03:58 (787 turns).

polelong the Chiller (Gargoyle Ice Elementalist)     Turns: 787, Time: 00:03:59

Health: -14/19     AC:  5    Str: 11    XL:     3   Next: 22%
Magic:  0/6        EV: 16    Int: 16    God:
Gold:   9          SH:  0    Dex: 10    Spells: 5/6 levels left

rFire    . . .     SeeInvis .   (no weapon)
rCold    . . .     Faith    .   (no shield)
rNeg     + . .     Spirit   .   a - +0 robe
rPois    ∞         Reflect  .   (no helmet)
rElec    +         Harm     .   (no cloak)
rCorr    .         Rampage  .   (no gloves)
Will     .....                  (no boots)
Stlth    ++........             (no amulet)
HPRegen  0.06/turn              e - +4 ring of evasion
MPRegen  0.10/turn              (no ring)

@: no status effects
A: negative energy resistance 1, electricity resistance, unbreathing,
petrification resistance, miasma immunity, AC +3
a: no special abilities


You were on level 3 of the Dungeon.
You visited 1 branch of the dungeon, and saw 3 of its levels.

You collected 9 gold pieces.

Inventory:

Armour
 a - a +0 robe (worn)
Jewellery
 e - a +4 ring of evasion (left hand)
 f - an uncursed amulet of inaccuracy
Scrolls
 b - 3 scrolls of identify
 d - a scroll of remove curse
 h - a scroll of teleportation {unknown}
Potions
 c - a potion of brilliance {unknown}
 g - a potion of curing {unknown}
 i - a potion of magic {unknown}


   Skills:
 + Level 1.7 Dodging
 + Level 2.1 Stealth
 + Level 2.3 Spellcasting
 + Level 4.7 Ice Magic


You had 5 spell levels left.
You knew the following spells:

 Your Spells              Type           Power        Failure   Level
a - Freeze                Ice            ###.         3%          1

Your spell library contained the following spells:

 Spells                   Type           Power        Failure   Level
 Frozen Ramparts          Ice            ###...       9%          3
 Ozocubu's Armour         Ice            ###.....     9%          3
 Hailstorm                Conj/Ice       #.......     58%         4
 Summon Ice Beast         Ice/Summ       #.......     58%         4


Dungeon Overview and Level Annotations

Branches:
Dungeon (3/15)

Altars:

Annotations:
D:2 Sigmund


Innate Abilities, Weirdness & Mutations

You are resistant to torment.
Your stone body is resilient. (AC +3)
You are immune to poison.
You resist negative energy. (rN+)
You are resistant to electric shocks. (rElec)
You can survive without breathing.
You are immune to petrification.
You are immune to miasma.


Message History

Confirm with . or Enter, or press ? or * to list all spells.
Aiming: Freeze (safe; 3% risk of failure)
Press: ? - help, Shift-Dir - straight line, f/p - ogre
Aim: an ogre, wielding a +0 giant club (lightly wounded)
You freeze the ogre.
The ogre is lightly wounded.
The giant cockroach closely misses you. The ogre misses you.
You hit the giant cockroach.
The giant cockroach is moderately wounded.
The giant cockroach completely misses you.
The ogre hits you with a +0 giant club!
You barely miss the giant cockroach.
The giant cockroach is moderately wounded.
The giant cockroach closely misses you.
You barely miss the giant cockroach.
The giant cockroach is moderately wounded.
The giant cockroach closely misses you.
The ogre hits you with a +0 giant club!!
Ouch! That really hurt!
You die...

#.####o########r#
#.# #.# #.# ## #..
#.# #[# ... ##. #.#
#o###.... . #.#
#††...... #w #.#
##........ #.#
#......!..
.##.#######.......##
......B@Ooor......#
..#.#######...#####
#...# #####


You could see an ogre, 2 orcs, a giant cockroach and a rat.

Vanquished Creatures
  3 dart slugs (D:1)
  An orc (D:3)
  2 bats
  A goblin (D:1)
  5 hobgoblins (D:1)
  3 jackals (D:1)
  2 kobolds
  A ball python (D:1)
  A frilled lizard (D:1)
  4 rats
23 creatures vanquished.

Notes
Turn   | Place    | Note
-------+----------+-------------------------------------------
     0 | D:1      | polelong the Gargoyle Ice Elementalist began the quest for
                  | the Orb.
     0 | D:1      | Reached XP level 1. HP: 10/10 MP: 3/3
   145 | D:1      | Reached XP level 2. HP: 14/15 MP: 0/5
   627 | D:1      | Reached XP level 3. HP: 19/19 MP: 0/6
   736 | D:2      | Noticed Sigmund
   756 | D:3      | Noticed an ogre
   787 | D:3      | Demolished by an ogre

Illustrated notes

Levels and vault maps discovered:
D:1:      dpeg_arrival_rooms_c, layout_rooms
D:2:      layout_rooms, uniq_sigmund, uniq_crazy_yiuf_cottage
D:3:      layout_basic, portal_sewer_entry_e, minmay_misc_feat_diagonals,
          hangedman_decor_points, corexii_item_surrounded_by_moat

Action                   || total
-------------------------++-------
Melee: Unarmed           ||    20
 Cast: Freeze            ||    36
  Use: Scroll            ||     2
Armor: Robe              ||    13
Dodge: Dodged            ||    39

Table legend: (Time is in decaauts)
 A = Elapsed time spent in this place.
 B = Non-inter-level travel time spent in this place.
 C = Inter-level travel time spent in this place.
 D = Time resting spent in this place.
 E = Time spent auto-exploring this place.
 F = Levels seen in this place.
 G = Mean time per level.
                   A        B        C        D        E       F      G
               +--------+--------+--------+--------+--------+-----+--------+
         Total |    785 |    778 |      7 |      0 |    600 |   3 |  261.7 |
       Dungeon |    785 |    778 |      7 |      0 |    600 |   3 |  261.7 |
               +--------+--------+--------+--------+--------+-----+--------+

Top non-repeatable levels by time:
     D:1: 735 daAuts
     D:3: 39 daAuts
     D:2: 10 daAuts
